 Dungeon Crawl Stone Soup version 0.31-a0-344-gd109795599 (webtiles) character file.

Game seed: 4854201597395597564

1360 garrulousMonolith the Changeling (level 8, 0/54 HPs)
             Began as an Octopode Shapeshifter on July 21, 2023.
             Was a Follower of Wu Jian.
             Slain by a gnoll sergeant
             ... wielding a +1 spear of flaming
              (15 damage)
             ... on level 6 of the Dungeon.
             The game lasted 00:05:09 (5732 turns).

garrulousMonolith the Changeling (OpSh)             Turns: 5732, Time: 00:05:10

Health: 0/54       AC:  1    Str: 14    XL:     8   Next: 64%
Magic:  8/8        EV: 15    Int: 17    God:    Wu Jian [*.....]
Gold:   369        SH:  0    Dex: 18    Spells: 7/7 levels left

rFire   + . .        n - +6 spear of the Winnowing Jester {flame, *Corrode rN+ Will++ Dex+4}
rCold   . . .        (no shield)
rNeg    + . .        (helmet currently unavailable)
rPois   .            (no amulet)
rElec   .            p - ring of protection from fire
rCorr   +            r - +6 ring of intelligence
SInv    .            B - ring of resist corrosion
Will    ++...        (no ring)
Stlth   ++++         (no ring)
HPRegen 0.29/turn    (no ring)
MPRegen 0.11/turn    (no ring)
                     (no ring)

%: corrode self (3%)
@: beast-form
A: beast (slay +4), almost no armour, amphibious, 8 rings, camouflage 1,
gelatinous body 1, (nimble swimmer 1), tentacles
a: Begin Untransformation, Renounce Religion


You were on level 6 of the Dungeon.
You worshipped Wu Jian.
Wu Jian was aware of your devotion.
You were a hulking beast.
You visited 2 branches of the dungeon, and saw 7 of its levels.

You collected 369 gold pieces.

Inventory:

Hand Weapons
 d - a +1 heavy sling
 n - the +6 spear of the Winnowing Jester (weapon) {flame, *Corrode rN+ Will++ Dex+4}
   (You found it on level 3 of the Dungeon)

   Dex:       It affects your dexterity (+4).
   rN:        It protects you from negative energy.
   *Corrode:  It may corrode you when you take damage.
   Will:      It greatly increases your willpower.
 w - a +2 short sword of venom
Missiles
 l - 6 boomerangs
 t - 2 throwing nets
 v - 7 poisoned darts (quivered)
Jewellery
 g - a ring of wizardry
 p - a ring of protection from fire (left tentacle)
 r - a +6 ring of intelligence (right tentacle)
 B - a ring of resist corrosion (on tentacle)
Talismans
 b - a beast talisman
Wands
 A - a wand of polymorph (5)
Scrolls
 c - a scroll of revelation {unknown}
 e - 3 scrolls of teleportation {unknown}
 h - a scroll of fear {unknown}
 m - a scroll of enchant armour {unknown}
 q - a scroll of torment {unknown}
 s - 2 scrolls of enchant weapon {unknown}
 x - a scroll of immolation {unknown}
 y - 3 scrolls of identify
 z - a scroll of fog {unknown}
Potions
 a - a potion of lignification
 f - 2 potions of ambrosia
 i - a potion of might
 j - 5 potions of curing
 k - a potion of attraction
 o - a potion of heal wounds {unknown}
 u - a potion of mutation {unknown}
 C - a potion of enlightenment {unknown}


   Skills:
 + Level 4.1 Fighting
 + Level 4.5 Dodging
 + Level 5.5 Stealth
 + Level 5.1 Unarmed Combat
 * Level 5.9 Shapeshifting


You had 7 spell levels left.
You didn't know any spells.
Your spell library contained the following spells:

 Spells                   Type           Power      Damage    Failure   Level
 Slow                     Hex            0%         N/A       24%         1
 Static Discharge         Conj/Air       0%         2-2/arc   34%         2
 Confusing Touch          Hex            0%         N/A       56%         3
 Dazzling Flash           Conj/Hex       0%         N/A       56%         3
 Inner Flame              Hex/Fire       0%         N/A       56%         3
 Vampiric Draining        Necr           0%         2d6       56%         3
 Vhi's Electric Charge    Tloc/Air       0%         N/A       56%         3
 Airstrike                Air            0%         2d(0-16)  93%         4
 Summon Lightning Spire   Summ/Air       0%         N/A       93%         4
 Agony                    Necr           0%         N/A       100%        5
 Arcjolt                  Conj/Air       0%         1d10      100%        5
 Silence                  Hex/Air        0%         N/A       100%        5
 Yara's Violent Unravell  Hex/Tmut       0%         3d3       100%        5
 Enfeeble                 Hex            0%         N/A       100%        7
 Maxwell's Capacitive Co  Air            0%         ∞         100%        8


Dungeon Overview and Level Annotations

Branches:
Dungeon (6/15)             Temple (1/1) D:5

Altars:
Ashenzari
Cheibriados
Dithmenos
Elyvilon
Fedhas
Gozag
Kikubaaqudgha
Makhleb
Okawaru
Qazlal
Ru
Sif Muna
Uskayaw
Vehumet
Wu Jian
Xom
Zin
The Shining One


Innate Abilities, Weirdness & Mutations

You are a hulking beast.
Your limbs bulge with bestial killing power. (Slay +4)
You cannot wear most types of armour.
You are amphibious.
You can wear up to eight rings at the same time.
Your skin changes colour to match your surroundings (Stealth+).
Your rubbery body absorbs attacks. (AC +1, EV +1)
((You are camouflaged when in or above water. (Stealth+)))
You have tentacles for arms and can constrict up to eight enemies at once.


Message History

The ogre barely misses you.
You barely miss the ogre. You squeeze the ogre!
You kill the ogre!
The Council accepts your kill.
No target in view!
Found a barding.
You see here a +0 giant club.
Found an escape hatch in the ceiling.
Found a leather armour.
You now have 369 gold pieces (gained 7).
C - a cyan potion
Found an escape hatch in the floor.
A gnoll sergeant, 2 gnolls and a phantom come into view.
The gnoll sergeant is wielding a +1 spear of flaming.
The gnoll sergeant shouts!
The gnoll shouts!
You hear a shout!
A gnoll comes into view. It is wielding a +0 flail.
A gnoll comes into view. It is wielding a +0 halberd.
The gnoll hits you from afar with a +0 spear.
You reach to attack!
You puncture the gnoll! You burn the gnoll.
You kill the gnoll!
The Council accepts your kill.
The gnoll sergeant hits you from afar with a +1 spear of flaming!
The gnoll sergeant burns you.
You are too injured to fight recklessly!
Reach: n) +6 spear of the Winnowing Jester {flame, *Corrode rN+ Will++ Dex+4}
Press: ? - help, Dir - move target, f - gnoll sergeant
Aim: a gnoll sergeant, wielding a +1 spear of flaming and wearing a +0 scale mail (about 22% to evade the +6 spear of the Winnowing Jester)
You reach to attack!
You barely miss the gnoll sergeant.
The gnoll sergeant hits you from afar with a +1 spear of flaming!
The gnoll sergeant burns you.
Reach: n) +6 spear of the Winnowing Jester {flame, *Corrode rN+ Will++ Dex+4}
Press: ? - help, Dir - move target, f/p - gnoll sergeant
Aim: a gnoll sergeant, wielding a +1 spear of flaming and wearing a +0 scale mail (about 22% to evade the +6 spear of the Winnowing Jester)
You reach to attack!
You barely miss the gnoll sergeant.
The gnoll sergeant hits you from afar with a +1 spear of flaming!
The gnoll sergeant burns you.
* * * LOW HITPOINT WARNING * * *
The gnoll misses you.
The gnoll sergeant hits you from afar with a +1 spear of flaming!
You die...

.##..## .g.......
.....# W.....$ #...##
gg...# ##...# ....#
#....## .g. ......##
##g# .###...## #gW# #
###...# #..#
..#.....## #h.#
.........## ##..#
....###...## #..## #
...# ##...####..## ##
#.. #..........### ##.
.. ##...........###
##.. .
....###......#...##
###..# #...#
#....#####..#####....#
#...# #..###
##...#.......


You could see a phantom, a gnoll sergeant and 2 gnolls.

Vanquished Creatures
  Sigmund (D:3)
  An orc warrior (D:5)
  An ogre (D:6)
  2 phantoms (D:5)
  4 scorpions
  4 hounds
  2 orc priests
  2 sleepcaps
  2 iguanas
  3 orc wizards (D:5)
  Robin (D:3)
  9 gnolls
  6 adders
  3 dart slugs
  8 orcs
  5 ball pythons
  3 bats
  A bat zombie (D:3)
  13 endoplasms
  A giant cockroach (D:2)
  15 goblins
  10 hobgoblins
  9 jackals
  6 kobolds
  3 quokkas
  6 frilled lizards
  4 rats
  2 rat zombies (D:3)
127 creatures vanquished.

Vanquished Creatures (others)
  A goblin (D:4)
1 creature vanquished.

Grand Total: 128 creatures vanquished

Notes
Turn   | Place    | Note
-------+----------+-------------------------------------------
     0 | D:1      | garrulousMonolith the Octopode Shapeshifter began the quest
                  | for the Orb.
     0 | D:1      | Reached XP level 1. HP: 13/13 MP: 1/1
    74 | D:1      | Reached XP level 2. HP: 18/18 MP: 2/2
   145 | D:1      | Reached skill level 1 in Stealth
   282 | D:1      | Reached XP level 3. HP: 23/23 MP: 3/3
  1148 | D:2      | Reached XP level 4. HP: 27/28 MP: 4/4
  1651 | D:2      | Reached XP level 5. HP: 34/34 MP: 5/5
  1866 | D:3      | Found a radiant altar of Vehumet.
  2184 | D:3      | Noticed Sigmund
  2202 | D:3      | Identified the +6 spear of the Winnowing Jester {flame,
                  | *Corrode rN+ Will++ Dex+4}
  2269 | D:3      | Found a shimmering blue altar of Sif Muna.
  2272 | D:3      | Noticed Robin
  2286 | D:3      | Killed Robin
  2422 | D:3      | Found an ancient bone altar of Kikubaaqudgha.
  2489 | D:3      | Found a faded altar of an unknown god.
  2531 | D:3      | Killed Sigmund
  2532 | D:3      | Reached XP level 6. HP: 17/41 MP: 6/6
  3060 | D:4      | Reached XP level 7. HP: 40/45 MP: 7/7
  3148 | D:4      | Found an ornate altar of the Wu Jian Council.
  3180 | D:4      | Became a worshipper of the Wu Jian Council
  3352 | D:4      | Found a glowing silver altar of Zin.
  3423 | D:4      | Found a stormy altar of Qazlal.
  3954 | D:5      | Entered Level 5 of the Dungeon
  3984 | D:5      | Found a broken altar of Ashenzari.
  4102 | D:5      | Reached skill level 5 in Shapeshifting
  4171 | D:5      | You fall into a shaft and drop 1 floor!
  4308 | D:5      | Found a staircase to the Ecumenical Temple.
  4425 | D:5      | Reached * piety under Wu Jian
  4426 | D:5      | Reached XP level 8. HP: 52/52 MP: 8/8
  4754 | D:5      | Reached skill level 5 in Stealth
  4839 | D:5      | Reached skill level 5 in Unarmed Combat
  5226 | D:5      | Found a shadowy altar of Dithmenos.
  5369 | Temple   | Entered the Ecumenical Temple
  5732 | D:6      | Slain by a gnoll sergeant

Illustrated notes

Levels and vault maps discovered:
D:1:      dpeg_arrival_central, layout_loops_ring
D:2:      layout_loops_ring
D:3:      layout_loops_ring, lemuel_zombie_altar_kikubaaqudgha,
          mainiacjoe_overflow_chevrons, nicolae_sif_muna_condensation,
          ebering_ecumenical_altar_abandoned, st_stairs_12, uniq_sigmund,
          uniq_robin
D:4:      wad_lake_hut, layout_basic, mainiacjoe_overflow_concentric_impassable,
          grunt_qazlal_clouds, zin_academy, serial_glass, glass_columns_b,
          glass_columns_a, glass_columns_a, glass_columns_a, glass_columns_a,
          glass_columns_a, glass_columns_a, glass_columns_a
D:5:      layout_basic, grunt_dithmenos_smoke_and_mirrors, kennysheep_mini_moat,
          temple_green
D:6:      hellmonk_destroyed_diamonds, layout_cave_pods, solitary_fountain
Temple:   zaba_magenta_temple

Skill      XL: |  1  2  3  4  5  6  7  8 |
---------------+-------------------------+-----
Stealth        | 1 2 3 4 5 |  5.5
Fighting       | 2 3 4 |  4.1
Dodging        | 3 4 |  4.5
Unarmed Combat | 4 5 |  5.1
Shapeshifting  | 4 5 |  5.9

Action                     |  1- 3 |  4- 6 |  7- 9 || total
---------------------------+-------+-------+-------++-------
  Melee: Unarmed           |    62 |    34 |       ||    96
         Constrict         |    14 |    18 |    16 ||    48
         Tentacles         |    12 |    20 |    10 ||    42
         Punch             |     4 |       |     1 ||     5
         Spear             |       |    45 |    99 ||   144
    Use: Potion            |       |     3 |       ||     3
         Scroll            |       |     3 |     1 ||     4
   Stab: Sleeping          |     7 |    10 |    15 ||    32
         Distracted        |       |     1 |       ||     1
 Armour: Skin              |     5 |     5 |     3 ||    13
  Dodge: Dodged            |    24 |    55 |    43 ||   122

Table legend: (Time is in decaauts)
 A = Elapsed time spent in this place.
 B = Non-inter-level travel time spent in this place.
 C = Inter-level travel time spent in this place.
 D = Time resting spent in this place.
 E = Time spent auto-exploring this place.
 F = Levels seen in this place.
 G = Mean time per level.
                   A        B        C        D        E       F      G
               +--------+--------+--------+--------+--------+-----+--------+
         Total |   5739 |   5508 |    231 |    993 |   3698 |   7 |  819.9 |
       Dungeon |   5737 |   5508 |    229 |    993 |   3698 |   6 |  956.2 |
        Temple |      1 |      0 |      1 |      0 |      0 |   1 |    1.0 |
               +--------+--------+--------+--------+--------+-----+--------+

Top non-repeatable levels by time:
     D:5: 1317 daAuts
     D:4: 1102 daAuts
     D:3: 1013 daAuts
     D:2: 988 daAuts
     D:1: 852 daAuts
     D:6: 463 daAuts
  Temple: 1 daAuts
